 Dungeon Crawl Stone Soup version bcrawl-1.39.1 (webtiles) character file.

Game seed: 10832819354579969750

208531 Mehrunes the Firebug (level 9, 57/57 HPs)
             Began as a Mummy Fire Elementalist on Apr 29, 2023.
             Was an Initiate of Gozag.
             Quit the game on level 6 of the Dungeon on July 29, 2023.
             The game lasted 00:25:18 (8432 turns).

Mehrunes the Firebug (Mummy Fire Elementalist)      Turns: 8432, Time: 00:25:19

Health: 57/57      AC:  6    Str: 11    XL:     9   Next: 23%
Magic:  16/16      EV: 12    Int: 18    God:    Gozag
Gold:   670        SH:  6    Dex: 12    Spells: 5/18 levels left

rFire    . . .     GDR:     24% k - +7 quarterstaff of Harmony {venom, rElec rF+ MR+ Stlth+}
rCold    + . .     SeeInvis .   (shield currently unavailable)
rNeg     + + +     Gourm    .   a - +0 robe
rPois    ∞         Faith    .   m - +1 helmet
rElec    +         Spirit   .   p - +0 cloak
rCorr    .         Reflect  +   (no gloves)
MR       ++...     Clarity  +   o - +0 pair of boots
Stlth    +++.......             e - +6 amulet of reflection
HPRegen  0.19/turn              h - ring of wizardry
MPRegen  0.15/turn              (no ring)

@: no status effects
A: no food or potions, fire vulnerability, clarity, cold resistance 1, negative
energy resistance 3, torment resistance, unbreathing, strong hexes 1
a: Potion Petition, Call Merchant, Bribe Branch, Renounce Religion


You were on level 6 of the Dungeon.
You worshipped Gozag.
Gozag was pleased with you.
You were not hungry.

You visited 1 branch of the dungeon, and saw 7 of its levels.

You collected 697 gold pieces.
You paid 27 gold pieces to Gozag.

Inventory:

Hand Weapons
 f - a +0 dagger
 k - the +7 quarterstaff of Harmony (weapon) {venom, rElec rF+ MR+ Stlth+}
   (You found it on level 4 of the Dungeon)

   It poisons the flesh of those it strikes.
   It protects you from fire.
   It insulates you from electricity.
   It affects your resistance to hostile enchantments.
   It makes you more stealthy.
Missiles
 d - 941 stones (quivered)
Armour
 a - a +0 robe (worn)
 m - a +1 helmet (worn)
 o - a +0 pair of boots (worn)
 p - a +0 cloak (worn)
Jewellery
 e - a +6 amulet of reflection (around neck)
 h - a ring of wizardry (left hand)
Wands
 c - a wand of flame (12)
 j - a wand of polymorph (2)
Scrolls
 b - 5 scrolls of immolation
 g - 4 scrolls of remove curse
 i - 7 scrolls of identify
 l - 3 scrolls of teleportation
 n - 2 scrolls of amnesia
 q - 2 scrolls of fog
 r - a scroll of enchant armour


   Skills:
 - Level 1.5 Dodging
 - Level 2.1 Stealth
 - Level 5.0 Spellcasting
 + Level 7.0 Conjurations
 + Level 7.5 Fire Magic


You had 5 spell levels left.
You knew the following spells:

 Your Spells              Type           Power        Failure   Level  Hunger
a - Flame Tongue          Conj/Fire      ####.        1%          1    N/A
b - Conjure Flame         Conj/Fire      ####....     1%          3    N/A
c - Sticky Flame          Conj/Fire      ####....     2%          4    N/A
d - Fireball              Conj/Fire      ####......   8%          5    N/A

Your spell library contained the following spells:

 Spells                   Type           Power        Failure   Level  Hunger
 Flaming Arrows           Chrm/Fire      ###.....     1%          2    N/A
 Inner Flame              Hex/Fire       N/A          3%          3    N/A

Dungeon Overview and Level Annotations

Branches:
Dungeon (7/12)             Temple (0/1) D:4
   Lair: D:7-9

Altars:
Ashenzari
Dithmenos
Gozag
Okawaru

Shops:
D:5 [   D:6 !

Annotations:
D:3 1 runed door


Innate Abilities, Weirdness & Mutations

You do not eat or drink.
Your flesh is vulnerable to fire.
You are immune to poison.
You possess an exceptional clarity of mind.
Your flesh is cold resistant. (rC+)
You are immune to negative energy. (rN+++)
You are immune to unholy pain and torment.
You can survive without breathing.
Your hexes are more powerful.


Message History

You start resting.
Magic restored.
A hound comes into view.
You see here 13 gold pieces.
You now have 670 gold pieces (gained 13).
A scorpion comes into view.
You hear a grinding noise.
You hear a grinding noise.
You hear a grinding noise. x2
There is a stone staircase leading up here.
A rune on the stairs sparks and fizzles.
You climb upwards.
There is a stone staircase leading down here.
Welcome back, Mehrunes the Mummy Fire Elementalist.
Gozag says: Greed is good.
Press m to set your skill training.
Press ? for a list of commands and other information.
Are you sure you want to abandon this character and quit the game? (Confirm with "yes".)
Okay, then.
Unknown command.
Are you sure you want to abandon this character and quit the game? (Confirm with "yes".)

###)...'...........#
#..#.#......[....#
#..#.#...........#
#..#.#...........#
#..#.#...........#
#..#.#...........#
#....#...........#
#.#..#...........#
#...@#############
#.###### #......#
###.##.# #.##.#
#....# ####.####
#.......# ####.####


There were no monsters in sight!

Vanquished Creatures
  Pikel (D:6)
  A hornet (D:4)
  Menkaure (D:5)
  Edmund (D:6)
  A sky beast (D:4)
  A phantom (D:4)
  An ice beast (D:6)
  An orc warrior (D:6)
  2 ogres
  A bullfrog (D:6)
  A gnoll sergeant (D:7)
  A howler monkey (D:4)
  4 orc priests
  2 crimson imps
  A quasit (D:4)
  A jelly (D:3)
  4 hounds (D:4)
  3 orc wizards
  Jessica (D:3)
  6 worker ants
  A killer bee zombie (D:4)
  4 adders
  2 oozes
  An adder skeleton (D:4)
  An adder zombie (D:5)
  2 worms
  4 leopard geckos
  20 orcs
  3 ball pythons (D:2)
  A giant cockroach (D:1)
  3 goblins
  13 hobgoblins
  10 jackals
  3 quokkas (D:3)
  A ball python skeleton (D:4)
  6 bats
  A frilled lizard (D:1)
  5 kobolds
  A quokka zombie (D:6)
  6 rats
123 creatures vanquished.

Vanquished Creatures (others)
  4 slaves (D:6)
4 creatures vanquished.

Grand Total: 127 creatures vanquished

Notes
Turn   | Place    | Note
-------+----------+-------------------------------------------
     0 | D:1      | Mehrunes the Mummy Fire Elementalist began the quest for
                  | the Orb.
     0 | D:1      | Reached XP level 1. HP: 13/13 MP: 4/4
    40 | D:1      | Reached skill level 1 in Conjurations
   254 | D:1      | Reached XP level 2. HP: 19/19 MP: 1/6
  1189 | D:1      | Reached XP level 3. HP: 18/24 MP: 2/7
  1773 | D:1      | Learned a level 3 spell: Conjure Flame
  2057 | D:2      | Found a shadowy altar of Dithmenos.
  3145 | D:3      | Reached XP level 4. HP: 30/30 MP: 5/10
  3292 | D:3      | Learned a level 4 spell: Sticky Flame
  3372 | D:3      | Reached XP level 5. HP: 26/35 MP: 6/11
  3628 | D:3      | Learned a level 5 spell: Fireball
  3628 | D:3      | Upgraded the game from bcrawl-1.38.2 to bcrawl-1.38.3
  4244 | D:3      | Noticed Jessica
  4259 | D:3      | Killed Jessica
  4433 | D:3      | Found a runed door.
  4562 | D:4      | Noticed a phantom
  4675 | D:4      | Reached skill level 5 in Spellcasting
  4675 | D:4      | Reached XP level 6. HP: 41/41 MP: 6/13
  4802 | D:4      | Found an opulent altar of Gozag.
  4807 | D:4      | Noticed a hornet
  4830 | D:4      | Became a worshipper of Gozag Ym Sagoz the Greedy
  4870 | D:4      | Killed a hornet
  5062 | D:4      | Reached XP level 7. HP: 46/46 MP: 4/14
  5261 | D:4      | Got a fading quarterstaff
  5262 | D:4      | Identified the +7 quarterstaff of Harmony {venom, rElec rF+
                  | MR+ Stlth+} (You found it on level 4 of the Dungeon)
  5413 | D:4      | Found a shattered altar of Ashenzari.
  5469 | D:4      | Reached skill level 5 in Fire Magic
  5596 | D:4      | Found a staircase to the Ecumenical Temple.
  6005 | D:4      | Reached skill level 5 in Conjurations
  6005 | D:4      | Reached XP level 8. HP: 52/52 MP: 12/15
  6361 | D:5      | Entered Level 5 of the Dungeon
  6493 | D:5      | Found an iron altar of Okawaru.
  6683 | D:5      | Noticed Menkaure
  6694 | D:5      | Killed Menkaure
  6820 | D:5      | Found Tiwiy's Antique Armour Shop.
  7347 | D:6      | Noticed Edmund
  7380 | D:6      | Killed Edmund
  7836 | D:6      | Found Feufapl Uluz's Distillery.
  7877 | D:6      | Noticed Pikel
  7959 | D:6      | Killed Pikel
  7960 | D:6      | Reached XP level 9. HP: 57/57 MP: 11/16
  8432 | D:6      | Upgraded the game from bcrawl-1.38.3 to bcrawl-1.39.1
  8432 | D:6      | Quit the game

Skill      XL: |  1  2  3  4  5  6  7  8  9 |
---------------+----------------------------+-----
Conjurations   | 1 2 3 5 6 7 |  7.0
Spellcasting   | 3 4 5 |  5.0
Fire Magic     | 3 4 5 7 |  7.5
Dodging        | |  1.5
Stealth        | |  2.1

Action                   |  1- 3 |  4- 6 |  7- 9 || total
-------------------------+-------+-------+-------++-------
Melee: Unarmed           |     6 |       |       ||     6
       Dagger            |    11 |       |       ||    11
       Quarterstaff      |       |       |    27 ||    27
 Cast: Flame Tongue      |    90 |    64 |   166 ||   320
       Conjure Flame     |     2 |     6 |    10 ||    18
       Sticky Flame      |       |       |     8 ||     8
Evoke: Wand              |       |     2 |     5 ||     7
  Use: Scroll            |       |       |     6 ||     6
Armor: Robe              |    15 |     3 |    26 ||    44
Dodge: Dodged            |    49 |     9 |    51 ||   109
Block: Other             |       |     5 |    35 ||    40
